 Dungeon Crawl Stone Soup version 0.29-a0-330-g52719c12eb (webtiles) character file.

Game seed: 11045646136607339910

5216 dohliylev the Grappler (level 10, -3/91 HPs)
             Began as a Troll Warper on May 11, 2022.
             Was a Believer of Okawaru.
             Slain by a kobold brigand
             ... wielding a +0 war axe
              (4 damage)
             ... in a bailey.
             The game lasted 00:25:22 (8471 turns).

dohliylev the Grappler (Troll Warper)               Turns: 8471, Time: 00:25:23

Health: -3/91      AC:  8    Str: 25    XL:     10   Next: 35%
Magic:  9/13       EV: 12    Int:  9    God:    Okawaru [**....]
Gold:   849        SH:  0    Dex:  9    Spells: 7/15 levels left

rFire   . . .      SeeInvis .     - Unarmed
rCold   . . .      Faith    .   (no shield)
rNeg    . . .      Spirit   .   x - +0 steam dragon scales
rPois   .          Reflect  .   (helmet restricted)
rElec   .          Harm     .   (no cloak)
rCorr   .          Rampage  .   (gloves unavailable)
Will    +....                   (boots unavailable)
Stlth   +++.......              (no amulet)
HPRegen 1.05/turn               d - ring of willpower
MPRegen 0.13/turn               (no ring)

@: heroic
A: large, unfitting armour, claws 3, regeneration 1, shaggy fur 1, tough skin 1
a: Renounce Religion, Heroism


You were in a bailey.
You worshipped Okawaru.
Okawaru was pleased with you.
You visited 2 branches of the dungeon, and saw 10 of its levels.
You also visited: Sewer and Bailey.

You collected 849 gold pieces.

Inventory:

Missiles
 c - 3 boomerangs of dispersal
 u - 9 large rocks (quivered)
 C - 11 boomerangs
Armour
 x - +0 steam dragon scales (worn)
 A - a +1 robe of willpower
Jewellery
 d - a ring of willpower (left claw)
Wands
 w - a wand of polymorph (11)
 D - a wand of acid (8)
Scrolls
 b - 3 scrolls of blinking
 f - 3 scrolls of identify
 i - a scroll of enchant weapon {unknown}
 j - 2 scrolls of immolation
 n - 4 scrolls of teleportation
 o - 4 scrolls of brand weapon {unknown}
 s - a scroll of enchant armour
 t - 3 scrolls of holy word
 y - a scroll of acquirement {unknown}
 B - a scroll of noise {unknown}
Potions
 a - a potion of magic {unknown}
 e - 3 potions of heal wounds {unknown}
 g - 4 potions of degeneration {unknown}
 h - 6 potions of curing {unknown}
 k - 2 potions of haste {unknown}
 l - a potion of invisibility {unknown}
 m - 4 potions of mutation {unknown}
 p - a potion of berserk rage {unknown}
 q - a potion of brilliance {unknown}
 r - a potion of resistance {unknown}
 v - 4 potions of lignification {unknown}
 z - a potion of ambrosia {unknown}
Miscellaneous
 E - a lightning rod (4/4)


   Skills:
 + Level 3.2(8.2) Fighting
 - Level 4.0(9.0) Throwing
 + Level 4.4(9.4) Dodging
 - Level 12.0(17.0) Unarmed Combat
 + Level 3.1 Spellcasting
 + Level 4.1 Translocations


You had 7 spell levels left.
You knew the following spells:

 Your Spells              Type           Power      Damage    Failure   Level
a - Gell's Gravitas       Tloc           8%         N/A       16%         3
b - Lesser Beckoning      Tloc           8%         N/A       16%         3
c - Blink                 Tloc           16%        N/A       9%          2

Your spell library contained the following spells:

 Spells                   Type           Power      Damage    Failure   Level
 Teleport Other           Tloc           8%         N/A       16%         3
 Beastly Appendage        Tmut           2%         N/A       30%         1
 Ensorcelled Hibernation  Hex/Ice        2%         N/A       41%         2
 Passwall                 Tmut/Erth      0%         N/A       41%         2
 Scorch                   Fire           2%         2d5       41%         2
 Sublimation of Blood     Necr           1%         N/A       41%         2
 Wereblood                Tmut           1%         N/A       41%         2
 Ozocubu's Armour         Ice            1%         N/A       65%         3
 Spider Form              Tmut/Pois      1%         N/A       65%         3
 Swiftness                Air            1%         N/A       65%         3
 Manifold Assault         Tloc           8%         N/A       83%         5
 Anguish                  Hex/Necr       0%         N/A       96%         4
 Flame Wave               Conj/Fire      1%         2d4       96%         4
 Petrify                  Tmut/Erth      1%         N/A       96%         4
 Irradiate                Conj/Tmut      0%         3d13      100%        5
 Enfeeble                 Hex            0%         N/A       100%        7
 Ozocubu's Refrigeration  Ice            0%         4d5       100%        7
 Tukima's Dance           Hex            Unusable   N/A       N/A         3
 Summon Cactus Giant      Summ           Unusable   N/A       N/A         6

Dungeon Overview and Level Annotations

Branches:
Dungeon (9/15)             Temple (1/1) D:4            Lair (0/6) D:9
  Sewer (visited)          Bailey (1/1)
    Orc: D:9-12

Altars:
Ashenzari
Cheibriados
Dithmenos
Elyvilon
Fedhas
Gozag
Hepliaklqana
Kikubaaqudgha
Makhleb
Nemelex Xobeh
Okawaru
Qazlal
Sif Muna
Trog
Uskayaw
Wu Jian
Xom
Zin
The Shining One

Shops:
D:3 ?


Innate Abilities, Weirdness & Mutations

You are too large for most types of armour.
You have claws for hands.
Your natural rate of healing is unusually fast.
You are covered in fur. (AC +1)
You have tough skin. (AC +1)


Message History

The kobold brigand hits you with a +0 war axe.
You scratch the kobold brigand.
The kobold brigand is lightly wounded.
You feel sick.
The kobold brigand hits you with a +0 war axe!
You mangle the kobold brigand!!
You kill the kobold brigand!
Okawaru accepts your kill.
You feel sick.
The kobold brigand hits you with a +0 war axe.
You scratch the kobold brigand.
The kobold brigand is lightly wounded.
You barely miss the kobold brigand.
The kobold brigand is lightly wounded.
You feel sick.
The orc warrior hits you with a +0 war axe!
The kobold brigand hits you with a +0 war axe!
You mangle the kobold brigand!!
The kobold brigand is almost dead.
You feel sick.
You are no longer poisoned.
The orc warrior barely misses you.
The kobold brigand hits you with a +0 war axe.
You gain the combat prowess of a mighty hero.
The orc warrior hits you with a +0 war axe.
The kobold brigand hits you with a +0 war axe.
You barely miss the kobold brigand.
The kobold brigand is almost dead.
The orc warrior hits you with a +0 war axe!!
* * * LOW HITPOINT WARNING * * *
The kobold brigand hits you with a +0 war axe.
* * * LOW HITPOINT WARNING * * *
You barely miss the kobold brigand.
The kobold brigand is almost dead.
You claw the orc warrior!
The orc warrior is moderately wounded.
The orc warrior hits you with a +0 war axe!
* * * LOW HITPOINT WARNING * * *
The kobold brigand hits you with a +0 war axe.
You die...

#≈≈.......≈≈###.#
.≈≈.......≈≈....
#≈≈.......≈≈####
##≈.......≈##
####'''####
##.....##
#∩.....∩#
#..K8...#
##@o(..## ###'###
...# ..K...
K.......
...........
............
......(......


You could see an orc warrior and a kobold brigand.

Vanquished Creatures
  Pikel (D:4)
  A cyclops (D:7)
  Grinder (D:5)
  A hornet (D:7)
  2 steam dragons (D:8)
  An acid dragon (D:8)
  An ice beast (D:5)
  An orc warrior (D:8)
  2 sky beasts
  2 black bears
  An ogre (D:4)
  A centaur (D:8)
  11 kobold brigands
  4 bullfrogs
  A necrophage (D:6)
  3 scorpions
  7 wights (D:7)
  11 killer bees
  A gnoll shaman (D:7)
  2 jellies
  A hound (D:6)
  4 orc priests
  2 iguanas
  Natasha (twice) (D:3)
  3 orc wizards
  9 adders
  10 gnolls
  2 river rats (Sewer)
  2 shadow imps
  2 white imps (D:6)
  6 worms
  2 dart slugs
  11 orcs
  10 ball pythons
  5 endoplasms
  7 giant cockroaches
  10 hobgoblins
  4 jackals (D:1)
  15 kobolds
  6 quokkas
  8 bats
  3 frilled lizards
  10 goblins
  15 rats
204 creatures vanquished.

Vanquished Creatures (others)
  An orc (D:8)
1 creature vanquished.

Grand Total: 205 creatures vanquished

Notes
Turn   | Place    | Note
-------+----------+-------------------------------------------
     0 | D:1      | dohliylev the Troll Warper began the quest for the Orb.
     0 | D:1      | Reached XP level 1. HP: 19/19 MP: 1/1
    58 | D:1      | Reached XP level 2. HP: 27/27 MP: 2/2
   348 | D:1      | Reached XP level 3. HP: 33/33 MP: 4/4
   843 | D:2      | Reached skill level 3 in Unarmed Combat
   948 | D:2      | Found a hazy altar of Hepliaklqana.
  1247 | D:2      | Reached XP level 4. HP: 42/42 MP: 5/5
  1472 | D:3      | Learned a level 3 spell: Gell's Gravitas
  1646 | D:3      | Found a glowing drain.
  1650 | D:3      | Reached skill level 4 in Unarmed Combat
  1686 | Sewer    | Entered a sewer
  1705 | Sewer    | Noticed a kobold brigand
  1719 | Sewer    | Killed a kobold brigand
  1720 | Sewer    | Reached XP level 5. HP: 46/49 MP: 3/6
  1835 | Sewer    | Reached skill level 5 in Unarmed Combat
  1878 | Sewer    | Reached XP level 6. HP: 57/57 MP: 4/7
  2025 | Sewer    | Reached skill level 6 in Unarmed Combat
  2387 | D:3      | Learned a level 3 spell: Lesser Beckoning
  2648 | D:3      | Noticed Natasha
  2651 | D:3      | Killed Natasha
  2652 | D:3      | Reached XP level 7. HP: 63/63 MP: 8/8
  2842 | D:3      | Found an ornate altar of the Wu Jian Council.
  2867 | D:3      | Found Citod's Magic Scroll Shoppe.
  2958 | D:3      | Found a bloodstained altar of Trog.
  3094 | D:3      | Noticed Natasha
  3106 | D:3      | Killed Natasha
  3585 | D:4      | Learned a level 2 spell: Blink
  3602 | D:4      | Reached skill level 1 in Throwing
  3602 | D:4      | Reached skill level 7 in Unarmed Combat
  3794 | D:4      | Found a staircase to the Ecumenical Temple.
  4129 | D:5      | Entered Level 5 of the Dungeon
  4133 | D:5      | Noticed Pikel
  4156 | D:4      | Killed Pikel
  4157 | D:4      | Reached skill level 8 in Unarmed Combat
  4157 | D:4      | Reached XP level 8. HP: 41/74 MP: 7/9
  4290 | D:5      | Found a shimmering blue altar of Sif Muna.
  4295 | D:5      | Noticed Grinder
  4305 | D:5      | Killed Grinder
  4368 | D:5      | Reached skill level 9 in Unarmed Combat
  4526 | D:5      | Found a sparkling altar of Nemelex Xobeh.
  4816 | D:6      | Reached XP level 9. HP: 57/80 MP: 6/11
  4921 | D:6      | Found an opulent altar of Gozag.
  4997 | D:6      | Found a glowing silver altar of Zin.
  5722 | D:6      | Found a burning altar of Makhleb.
  5833 | Temple   | Entered the Ecumenical Temple
  5964 | Temple   | Became a worshipper of Warmaster Okawaru
  6193 | D:7      | Reached skill level 10 in Unarmed Combat
  6538 | D:7      | Reached * piety under Okawaru
  6927 | D:7      | Noticed a cyclops
  6969 | D:7      | Killed a cyclops
  6970 | D:7      | Reached skill level 11 in Unarmed Combat
  7313 | D:8      | Reached XP level 10. HP: 72/91 MP: 13/13
  7465 | D:8      | Reached ** piety under Okawaru
  7552 | D:8      | Found a broken altar of Ashenzari.
  7775 | D:8      | Found a hide-covered altar of Uskayaw.
  8295 | D:9      | Found a shimmering altar of Xom.
  8333 | D:9      | Found a flagged portal.
  8350 | Bailey   | Entered a bailey
  8385 | Bailey   | Reached skill level 12 in Unarmed Combat
  8471 | Bailey   | HP: 1/91 [orc warrior/+0 war axe (10)]
  8471 | Bailey   | Slain by a kobold brigand

Illustrated notes

Levels and vault maps discovered:
D:1:      ncdulo_halloftheorcs, layout_loops_cross, minmay_hexomino_p4
D:2:      layout_basic, basic_altar
D:3:      layout_loops_corners, pdpol_wu_jian_five_deadly_venoms,
          trog_butcher_becter, serial_shops, nicolae_shop_trees,
          gup_sewer_entry_bubbles, kennysheep_cluttered_room, nrook_mini_vaults,
          uniq_natasha
D:4:      layout_cave_pools, minmay_temple_entry_arrows, hex_large,
          grunt_ministairs_8, kennysheep_generic_room_13
D:5:      layout_rooms, nemelex_altar_shiori, amcnicky_altar_gilded,
          minmay_checkerbox, uniq_grinder, uniq_pikel
D:6:      nicolae_cairo_tiling_large_dashed, layout_basic, zin_treasury,
          lemuel_crystal_altar, old_standard_altar, serial_bayou_pond_e,
          kennysheep_generic_room_4
D:7:      layout_loops_ring, minivault_22
D:8:      layout_basic, lemuel_crystal_altar, eat_drink_and_be_merry_uskayaw,
          st_stairs_12
D:9:      layout_roguey, mainiacjoe_overflow_alcove_2,
          amethyst_overflow_temple_binary, erik_lair_island, enter_bailey_3
Temple:   nicolae_temple_figure_zero
Bailey:   bailey_axe_3, bailey

Skill      XL: |  1  2  3  4  5  6  7  8  9 10 |
---------------+-------------------------------+-----
Dodging        | 2 3 4 |  4.4
Unarmed Combat | 3 4 5 6 8 9 11 12 | 12.0
Fighting       | 2 3 |  3.2
Throwing       | 2 3 4 |  4.0
Spellcasting   | 2 3 |  3.1
Translocations | 3 4 |  4.1

Action                   |  1- 3 |  4- 6 |  7- 9 | 10-12 || total
-------------------------+-------+-------+-------+-------++-------
Melee: Unarmed           |   126 |   142 |   208 |    80 ||   556
       Punch             |       |     2 |     7 |     3 ||    12
Throw: Large rock        |       |       |    30 |    16 ||    46
       Boomerang         |       |       |   102 |     8 ||   110
 Cast: Gell's Gravitas   |       |     1 |       |       ||     1
       Blink             |       |       |     5 |       ||     5
       Lesser Beckoning  |       |       |    13 |     7 ||    20
Invok: Heroism           |       |       |       |     2 ||     2
  Use: Scroll            |       |     1 |       |     5 ||     6
Armor: Robe              |    54 |    25 |    47 |     4 ||   130
       Steam dragon scal |       |       |       |    19 ||    19
Dodge: Dodged            |    68 |    51 |    78 |    57 ||   254

Table legend: (Time is in decaauts)
 A = Elapsed time spent in this place.
 B = Non-inter-level travel time spent in this place.
 C = Inter-level travel time spent in this place.
 D = Time resting spent in this place.
 E = Time spent auto-exploring this place.
 F = Levels seen in this place.
 G = Mean time per level.
                   A        B        C        D        E       F      G
               +--------+--------+--------+--------+--------+-----+--------+
         Total |   8655 |   8288 |    367 |    995 |   5357 |  12 |  721.2 |
       Dungeon |   7598 |   7240 |    358 |    915 |   4712 |   9 |  844.2 |
        Temple |    140 |    132 |      8 |      0 |    109 |   1 |  140.0 |
         Sewer |    791 |    791 |      0 |     49 |    513 |   1 |  791.0 |
        Bailey |    124 |    124 |      0 |     31 |     23 |   1 |  124.0 |
               +--------+--------+--------+--------+--------+-----+--------+

Top non-repeatable levels by time:
     D:3: 1308 daAuts
     D:6: 1196 daAuts
     D:7: 1132 daAuts
     D:8: 1077 daAuts
     D:4: 792 daAuts
   Sewer: 791 daAuts
     D:1: 748 daAuts
     D:2: 745 daAuts
     D:5: 538 daAuts
  Temple: 140 daAuts
  Bailey: 124 daAuts
     D:9: 59 daAuts
